 Dungeon Crawl Stone Soup version 0.30-a0-972-gf3ab3527aa (webtiles) character file.

Game seed: 2113420546822549858

515 voltaire321 the Stinger (level 7, -7/51 HPs)
             Began as a Merfolk Venom Mage on Mar 31, 2023.
             Mangled by a water moccasin (8 damage)
             ... on level 5 of the Dungeon.
             The game lasted 00:13:31 (5092 turns).

voltaire321 the Stinger (Merfolk Venom Mage)        Turns: 5092, Time: 00:13:31

Health: -7/51      AC:  6    Str: 11    XL:     7   Next: 20%
Magic:  3/11       EV: 13    Int: 14    God:
Gold:   1263       SH:  0    Dex: 14    Spells: 5/12 levels left

rFire   . . .      SeeInvis .    g - +0 dagger
rCold   . . .      Faith    .    (no shield)
rNeg    . . .      Spirit   .    a - +0 robe
rPois   .          Reflect  .    l - +2 hat
rElec   .          Rampage  .    t - +1 cloak
rCorr   .                        (no gloves)
Will    .....                    (no boots)
Stlth   ++                       (no amulet)
HPRegen 0.28/turn                (no ring)
MPRegen 0.12/turn                (no ring)

@: mighty, lethally poisoned (-7 -> -15), very slightly contaminated
A: (nimble swimmer 2), mertail
a: no special abilities


You were on level 5 of the Dungeon.
You visited 1 branch of the dungeon, and saw 5 of its levels.
You also visited: Sewer.

You collected 1263 gold pieces.

Inventory:

Hand Weapons
 g - a +0 dagger (weapon)
 r - a +0 long sword
Missiles
 j - 5 curare-tipped darts
 s - a throwing net
Armour
 a - a +0 robe (worn)
 l - a +2 hat (worn)
 t - a +1 cloak (worn)
Wands
 o - a wand of charming (7)
Scrolls
 d - 3 scrolls of fog {unknown}
 h - a scroll of fear
 i - a scroll of blinking
 k - 3 scrolls of teleportation
 m - a scroll of identify
 n - a scroll of enchant weapon {unknown}
Potions
 b - 2 potions of magic
 c - 5 potions of might
 f - 2 potions of flight
 p - a potion of cancellation {unknown}
 q - a potion of degeneration {unknown}


   Skills:
 + Level 2.9 Fighting
 + Level 1.9 Armour
 + Level 4.5 Dodging
 - Level 2.1 Stealth
 + Level 3.1 Spellcasting
 + Level 1.3 Hexes
 + Level 3.9 Transmutations
 + Level 4.7 Poison Magic


You had 5 spell levels left.
You knew the following spells:

 Your Spells              Type           Power      Damage    Failure   Level
a - Sting                 Tmut/Pois      56%        1d5       3%          1
b - Poisonous Vapours     Pois/Air       16%        N/A       12%         2
c - Cause Fear            Hex            2%         N/A       77%         4

Your spell library contained the following spells:

 Spells                   Type           Power      Damage    Failure   Level
 Olgreb's Toxic Radiance  Pois           15%        N/A       30%         4
 Blink                    Tloc           4%         N/A       32%         2
 Lesser Beckoning         Tloc           4%         N/A       32%         2
 Momentum Strike          Conj/Tloc      4%         3d8       32%         2
 Mephitic Cloud           Conj/Pois/Air  6%         N/A       32%         3
 Inner Flame              Hex/Fire       4%         N/A       43%         3
 Discord                  Hex            2%         N/A       100%        8


Dungeon Overview and Level Annotations

Branches:
Dungeon (5/15)              Sewer (visited)
 Temple: D:4-7

Altars:
Uskayaw
Zin

Annotations:
D:4 1 runed translucent door, baller8008's ghost, amateur MiFi


Innate Abilities, Weirdness & Mutations

((You are very nimble when in or above water. (Stealth+, EV+, Speed+++)))
Your lower body shifts to a powerful aquatic tail in water.


Message History

You see here 12 gold pieces.
Casting: Sting (safe; 3% risk of failure)
Confirm with . or Enter, or press ? or * to list all spells.
You can't see any susceptible monsters within range! (Use Z to cast anyway.) Unknown command.
Aiming: Sting (safe; 3% risk of failure)
Press: ? - help, Q - select action, (/) - cycle Shift-Dir - straight line, f - water moccasin
Aim: a water moccasin (heavily wounded, 53% to hit)
The sting hits the water moccasin.
The water moccasin partially resists.
The water moccasin is severely wounded.
Aiming: Sting (safe; 3% risk of failure)
Press: ? - help, Q - select action, (/) - cycle Shift-Dir - straight line, f/p - water moccasin
Aim: a water moccasin (heavily wounded, 53% to hit)
You miscast Sting.
You are very lightly contaminated with residual magic.
Nothing appears to happen.
The water moccasin bites you.
* * * LOW HITPOINT WARNING * * *
You are lethally poisoned!
The water moccasin poisons you!
Aiming: Sting (safe; 3% risk of failure)
Press: ? - help, Q - select action, (/) - cycle Shift-Dir - straight line, f/p - water moccasin
Aim: a water moccasin (heavily wounded, 53% to hit)
The sting misses the water moccasin.
* * * LOW HITPOINT WARNING * * *
You feel very sick. The water moccasin closely misses you.
Aiming: Sting (safe; 3% risk of failure)
Press: ? - help, Q - select action, (/) - cycle Shift-Dir - straight line, f/p - water moccasin
Aim: a water moccasin (heavily wounded, 53% to hit)
The sting hits the water moccasin.
The water moccasin partially resists.
The water moccasin is poisoned.
The water moccasin is severely wounded.
* * * LOW HITPOINT WARNING * * *
You feel very sick. The water moccasin bites you.
* * * LOW HITPOINT WARNING * * *
The shadow imp shouts, "Remove thy stench, thou vain shard-borne mendicant!"
The water moccasin bites you!
You die...

#........# #........#
#........# #.....(...
#........# # #.###
#........###.#
#.....###............###
#..@S5......<ยง......
######.#########.#..
...# ....# ......
......## ........
.........


You could see a water moccasin (poisoned) and a shadow imp.

Vanquished Creatures
  Sigmund (D:3)
  Pargi (Sewer)
  2 jellies (D:4)
  A hound (D:4)
  A gnoll (D:4)
  9 adders
  3 worms
  A dart slug (D:2)
  11 ball pythons
  2 bats (D:1)
  9 endoplasms
  8 giant cockroaches
  5 goblins
  4 hobgoblins
  5 kobolds
  4 quokkas
  6 frilled lizards
  4 rats
77 creatures vanquished.

Notes
Turn   | Place    | Note
-------+----------+-------------------------------------------
     0 | D:1      | voltaire321 the Merfolk Venom Mage began the quest for the
                  | Orb.
     0 | D:1      | Reached XP level 1. HP: 13/13 MP: 3/3
   290 | D:1      | Reached XP level 2. HP: 20/20 MP: 3/5
  1077 | D:2      | Reached skill level 1 in Fighting
  1077 | D:2      | Reached XP level 3. HP: 26/26 MP: 2/6
  1928 | D:2      | Reached XP level 4. HP: 30/32 MP: 1/7
  2414 | D:3      | Noticed Sigmund
  2424 | D:3      | Learned a level 2 spell: Poisonous Vapours
  2459 | D:3      | Killed Sigmund
  2460 | D:3      | Reached skill level 1 in Armour
  2460 | D:3      | Reached XP level 5. HP: 38/38 MP: 7/9
  2460 | D:3      | Reached XP level 6. HP: 44/44 MP: 7/10
  2552 | D:3      | Found a hide-covered altar of Uskayaw.
  2883 | D:3      | Learned a level 4 spell: Cause Fear
  3023 | D:3      | Found a glowing silver altar of Zin.
  3024 | D:3      | Noticed an angel
  3630 | D:4      | Identified a scroll of acquirement
  3630 | D:4      | Acquired 1009 gold pieces
  3828 | D:4      | Found a glowing drain.
  3834 | Sewer    | Entered a sewer
  4105 | Sewer    | Noticed Pargi
  4126 | Sewer    | Killed Pargi
  4127 | Sewer    | Reached skill level 1 in Hexes
  4127 | Sewer    | Reached XP level 7. HP: 51/51 MP: 7/11
  4727 | D:4      | Found a runed translucent door.
  4800 | D:4      | Noticed baller8008's ghost (amateur MiFi)
  5067 | D:5      | Entered Level 5 of the Dungeon
  5083 | D:5      | HP: 1/51 [shadow imp/nerve-wracking pain (8)]
  5092 | D:5      | HP: 1/51 [water moccasin (4)]
  5092 | D:5      | Mangled by a water moccasin

Illustrated notes

Levels and vault maps discovered:
D:1:      lightli_arrival_maybe_door_vault, layout_basic
D:2:      layout_basic, serial_park_tiny_pond, reono_crystal_passage
D:3:      layout_basic, zin_angel, nicolae_uskayaw_murder_on_the_dancefloor,
          serial_park_tiny_2, uniq_sigmund
D:4:      layout_loops_ring, ebering_ghost_sewer_d, gup_sewer_entry_pipe,
          minmay_quadrilaterals
D:5:      layout_basic, grunt_temple_overflow_open, nicolae_hexahallways

Skill      XL: |  1  2  3  4  5  6 |
---------------+-------------------+-----
Fighting       | 1 2 |  2.9
Dodging        | 3 4 |  4.5
Transmutations | 2 3 |  3.9
Armour         | 1 |  1.9
Poison Magic   | 4 |  4.7
Spellcasting   | 3 |  3.1
Hexes          | 1 |  1.3
Stealth        | |  2.1

Action                     |  1- 3 |  4- 6 |  7- 9 || total
---------------------------+-------+-------+-------++-------
  Melee: Unarmed           |     2 |       |       ||     2
         Dagger            |    15 |    43 |    25 ||    83
         Whip              |     1 |       |       ||     1
         Punch             |     1 |       |     1 ||     2
  Throw: Dart              |       |     5 |       ||     5
   Cast: Sting             |    57 |    93 |    32 ||   182
         Poisonous Vapours |       |     1 |       ||     1
    Use: Scroll            |       |     9 |     1 ||    10
         Potion            |       |       |     3 ||     3
 Armour: Robe              |    10 |    12 |    12 ||    34
  Dodge: Dodged            |    23 |    46 |    29 ||    98

Table legend: (Time is in decaauts)
 A = Elapsed time spent in this place.
 B = Non-inter-level travel time spent in this place.
 C = Inter-level travel time spent in this place.
 D = Time resting spent in this place.
 E = Time spent auto-exploring this place.
 F = Levels seen in this place.
 G = Mean time per level.
                   A        B        C        D        E       F      G
               +--------+--------+--------+--------+--------+-----+--------+
         Total |   5012 |   4801 |    211 |   1111 |   2705 |   6 |  835.3 |
       Dungeon |   4612 |   4401 |    211 |    888 |   2629 |   5 |  922.4 |
         Sewer |    399 |    399 |      0 |    223 |     76 |   1 |  399.0 |
               +--------+--------+--------+--------+--------+-----+--------+

Top non-repeatable levels by time:
     D:4: 1274 daAuts
     D:2: 1258 daAuts
     D:3: 1030 daAuts
     D:1: 1025 daAuts
   Sewer: 399 daAuts
     D:5: 24 daAuts
